 Dungeon Crawl Stone Soup version 0.26.1-10-gdfb7c7de75 (webtiles) character file.

Game seed: 8801271201902202950

73 Chiseanne the Magician (level 4, 20/30 HPs)
             Began as a Demonspawn Hedge Wizard on Apr 12, 2021.
             Quit the game on level 2 of the Dungeon.
             The game lasted 00:02:39 (1616 turns).

Chiseanne the Magician (Demonspawn Hedge Wizard)    Turns: 1616, Time: 00:02:40

Health: 20/30      AC:  6    Str: 10    XL:     4   Next: 8%
Magic:  4/9        EV: 12    Int: 16    God:
Gold:   100        SH:  0    Dex: 13    Spells: 9/10 levels left

rFire    . . .     SeeInvis .   a - +0 short sword
rCold    . . .     Faith    .   (no shield)
rNeg     + . .     Spirit   .   b - +1 robe
rPois    .         Reflect  .   c - +0 hat
rElec    .         Harm     .   (no cloak)
rCorr    .         Rampage  .   o - +0 pair of gloves
Will     .....                  (no boots)
Stlth    ++........             e - amulet of magic regeneration
HPRegen  0.10/turn              j - ring of positive energy
MPRegen  0.36/turn              (no ring)

@: very slightly contaminated
A: thin metallic scales 1, demonic guardian 1
a: no special abilities


You were on level 2 of the Dungeon.
You visited 1 branch of the dungeon, and saw 2 of its levels.

You collected 100 gold pieces.

Inventory:

Hand Weapons
 a - a +0 short sword (weapon)
Missiles
 h - 54 stones
Armour
 b - a +1 robe (worn)
 c - a +0 hat (worn)
 o - a +0 pair of gloves (worn)
Jewellery
 e - an amulet of magic regeneration (around neck)
 j - a ring of positive energy (left hand)
Scrolls
 f - a scroll of magic mapping
 l - a scroll of remove curse
 m - a scroll of teleportation {unknown}
Potions
 d - 6 potions of curing {unknown}
 g - a potion of berserk rage {unknown}
 i - a potion of brilliance {unknown}
 k - a potion of haste {unknown}
 n - a potion of invisibility {unknown}


   Skills:
 - Level 1.7 Dodging
 - Level 1.7 Stealth
 * Level 3.9 Spellcasting
 * Level 2.8 Conjurations
 - Level 1.0 Summonings
 - Level 0.8 Translocations


You had 9 spell levels left.
You knew the following spells:

 Your Spells              Type           Power        Failure   Level
a - Magic Dart            Conj           48%          5%          1

Your spell library contained the following spells:

 Spells                   Type           Power        Failure   Level
 Call Imp                 Summ           6%           17%         2
 Blink                    Tloc           N/A          19%         2
 Slow                     Hex            3%           26%         2
 Conjure Flame            Conj/Fire      7%           28%         3
 Mephitic Cloud           Conj/Pois/Air  6%           34%         3


Dungeon Overview and Level Annotations

Branches:
Dungeon (2/15)

Altars:


Innate Abilities, Weirdness & Mutations

You are partially covered in thin metallic scales. (AC +2)
A weak demonic guardian rushes to your aid.


Message History

The adder is severely wounded.
Casting: Magic Dart (safe; 5% risk of failure)
Confirm with . or Enter, or press ? or * to list all spells.
Aiming: Magic Dart (safe; 5% risk of failure)
Press: ? - help, Shift-Dir - straight line, f/p - adder
Aim: an adder (severely wounded, 0% to evade)
The magic dart hits the adder.
The adder is almost dead.
The adder barely misses you.
Casting: Magic Dart (safe; 5% risk of failure)
Confirm with . or Enter, or press ? or * to list all spells.
Aiming: Magic Dart (safe; 5% risk of failure)
Press: ? - help, Shift-Dir - straight line, f/p - adder
Aim: an adder (almost dead, 0% to evade)
The magic dart hits the adder.
You kill the adder!
You have reached level 4!
You feel agile.
Your demonic ancestry asserts itself...
You feel the presence of a demonic guardian.
Are you sure you want to abandon this character and quit the game? (Confirm with "yes".)

#.##..# #.#### ###.###.##..#
#.# #### #...oo.....<# #.#
#... #...###...### #.# #.##
.. ###.# #.# #.# # #.# #.#
#.# #. #.# #.# #.# .##.####
#†# #.# #.#
......####@#######.#####.## #
#......##.#...............
#.##......##.#.######.###....
#............#....###.# #.###
......................###.#
###.....##.##...##...##.### #
###.####.###.###.#.......
#.#####.####.# #.# #...##.##.
.............# #.# ##.###.##.


There were no monsters in sight!

Vanquished Creatures
  An orc wizard (D:2)
  2 adders (D:2)
  An orc (D:2)
  4 bats
  2 giant cockroaches (D:1)
  4 goblins
  4 hobgoblins
  3 jackals (D:2)
  2 kobolds (D:1)
  A rat (D:2)
24 creatures vanquished.

Vanquished Creatures (others)
  3 fungi (D:2)
  6 plants (D:2)
9 creatures vanquished.

Grand Total: 33 creatures vanquished

Notes
Turn   | Place    | Note
-------+----------+-------------------------------------------
     0 | D:1      | Chiseanne the Demonspawn Hedge Wizard began the quest for
                  | the Orb.
     0 | D:1      | Reached XP level 1. HP: 13/13 MP: 4/4
   547 | D:1      | Gained mutation: You are partially covered in thin metallic
                  | scales. (AC +2) [demonic ancestry]
   547 | D:1      | Reached XP level 2. HP: 19/19 MP: 0/6
  1301 | D:2      | Reached XP level 3. HP: 17/24 MP: 2/8
  1616 | D:2      | Gained mutation: A weak demonic guardian rushes to your
                  | aid. [demonic ancestry]
  1616 | D:2      | Reached XP level 4. HP: 20/30 MP: 4/9
  1616 | D:2      | Quit the game

Illustrated notes

Levels and vault maps discovered:
D:1:      nzn_arrival_depleted_hourglass, layout_rooms
D:2:      layout_loops_ring, tgw_fedhas

Skill      XL: |  1  2 |
---------------+-------+-----
Conjurations   | 2 |  2.8
Dodging        | |  1.7
Stealth        | |  1.7
Spellcasting   | |  3.9
Summonings     | |  1.0
Translocations | |  0.8

Action                   |  1- 3 |  4- 6 || total
-------------------------+-------+-------++-------
Melee: Short sword       |    21 |       ||    21
 Cast: Magic Dart        |    79 |       ||    79
  Use: Scroll            |     3 |       ||     3
Armor: Robe              |    20 |       ||    20
Dodge: Dodged            |    45 |       ||    45
